 Dungeon Crawl Stone Soup version 0.19-a0-578-g4cfc824 (webtiles) character file.

467344 MenacingMecha the Wrestler (level 23, -3/231 HPs)
             Began as a Troll Monk on June 4, 2016.
             Was the Champion of Okawaru.
             Slain by a reaper
             ... wielding a +1 antimagic scythe
             ... summoned by an ancient lich
              (25 damage)
             ... on level 3 of the Abyss on June 9, 2016.
             The game lasted 06:21:54 (60781 turns).

MenacingMecha the Wrestler (Troll Monk)            Turns: 60781, Time: 06:21:55

Health: -3/231     AC: 28    Str: 25    XL:     23   Next: 47%
Magic:  34/39      EV: 21    Int: 11    God:    Okawaru [******]
Gold:   2631       SH: 21    Dex: 18    Spells: 7 memorised, 20 levels left

rFire  . . .     SeeInvis .       - Unarmed
rCold  + . .     Gourm    +     t - +2 pearl dragon armour {PDA, rN+}
rNeg   + . .     Faith    .     B - +0 large shield {rC+} {rC+}
rPois  +         Spirit   .     r - +2 hat of Xoserr {MR++ MP+9 Int+4 Stlth-}
rElec  .         Dismiss  .     G - +2 cloak {rPois} {rPois}
rCorr  .         Reflect  .     (gloves unavailable)
SustAt .         Harm     .     (boots unavailable)
MR     +++..                    h - amulet of regeneration {+regen, !d}
Stlth  ..........               o - +5 ring of protection
                                w - +6 ring of evasion

@: finesse, drained, extremely resistant to hostile enchantments, extremely
unstealthy
A: unfitting armour, claws 3, blurry vision 2, fast metabolism 3, gourmand,
regeneration 2, shaggy fur 1, tough skin 2, subdued magic 1
a: Heroism, Finesse, Renounce Religion
}: 2/15 runes: serpentine, barnacled


You were on level 3 of the Abyss.
You worshipped Okawaru.
Okawaru was exalted by your worship.
You were not hungry.

You visited 8 branches of the dungeon, and saw 40 of its levels.
You visited the Abyss 1 time.
You visited 3 bazaars.
You also visited: Labyrinth and Ice Cave.

You collected 5034 gold pieces.
You spent 2403 gold pieces at shops.

Inventory:

Missiles
 a - 895 stones
 y - 3 tomahawks of dispersal
 O - 13 poisoned javelins
 S - 11 throwing nets
 T - 99 large rocks (quivered)
 X - 26 javelins of returning
Armour
 n - a +1 cloak
   (You took it off a draconian shifter on level 3 of the Abyss)
 r - the +2 hat of Xoserr (worn) {MR++ MP+9 Int+4 Stlth-}
   (You found it on level 2 of the Depths)

   It affects your intelligence (+4).
   It affects your resistance to hostile enchantments.
   It affects your magic capacity (+9).
   It makes you less stealthy.
 t - a +2 pearl dragon armour (worn) {PDA, rN+}
   (Okawaru gifted it to you on level 2 of the Snake Pit)
 B - a +0 large shield of cold resistance (worn) {rC+}
   (Okawaru gifted it to you on level 15 of the Dungeon)
 G - a +2 cloak of poison resistance (worn) {rPois}
   (You took it off Crazy Yiuf on level 6 of the Dungeon)
Jewellery
 h - an amulet of regeneration (around neck) {+regen, !d}
   (You took it off an orc warrior on level 2 of the Vaults)
 o - a +5 ring of protection (right claw)
   (You found it on level 1 of the Vaults)
 w - a +6 ring of evasion (left claw)
   (You took it off a deep elf mage on level 1 of the Elven Halls)
 x - the ring "Peguyxed" {rElec rF+ Dex+3}
   (You bought it in a shop in a bazaar)

   [ring of protection from fire]

   It affects your dexterity (+3).
   It protects you from fire.
   It insulates you from electricity.
 H - a +5 amulet of reflection
   (You took it off a vampire mage on level 2 of the Depths)
 N - the ring of Peace {+Inv Dex+5 SInv}
   (You bought it in a shop on level 4 of the Dungeon)

   [ring of see invisible]

   It affects your dexterity (+5).
   It lets you see invisible.
   It lets you turn invisible.
 R - an uncursed ring of flight {+Fly}
   (You took it off a yaktaur on level 1 of the Depths)
Wands
 e - a wand of teleportation (4/9)
   (You bought it in a shop in a bazaar)
 j - a wand of digging (11/24)
   (You acquired it on level 13 of the Dungeon)
 F - a wand of iceblast (10/15)
   (You found it on level 6 of the Dungeon)
 I - a wand of hasting (2/9)
   (You bought it in a shop on level 2 of the Orcish Mines)
 P - a wand of acid (5/15)
   (You found it on level 1 of the Lair of Beasts)
 Z - a wand of disintegration (10/24)
   (You found it on level 3 of the Snake Pit)
Scrolls
 f - 6 scrolls of fog
 k - a scroll of remove curse
 s - 3 scrolls of silence
 u - 11 scrolls of blinking
 J - 2 scrolls of magic mapping
 K - 11 scrolls of teleportation
 L - 3 scrolls of fear
 M - 4 scrolls of recharging
 V - 11 scrolls of identify
Potions
 c - 6 potions of might
 d - 18 potions of curing
 g - 2 potions of ambrosia
 i - 6 potions of haste
 l - 5 potions of agility
 m - a potion of flight
 q - a potion of invisibility
 v - 3 potions of berserk rage
 D - 2 potions of resistance
 E - 6 potions of heal wounds
 Y - 7 potions of cancellation
Miscellaneous
 C - a lamp of fire (inert)
   (You found it on level 3 of the Lair of Beasts)
 W - 2 sacks of spiders
Comestibles
 b - 18 bread rations
 p - a meat ration


   Skills:
 - Level 14.0(13.6) Fighting
 - Level 12.0(11.6) Throwing
 - Level 7.0(6.6) Armour
 + Level 11.8(11.4) Dodging
 - Level 2.0(1.7) Stealth
 - Level 15.1(14.7) Shields
 - Level 21.0(20.5) Unarmed Combat
 - Level 5.6(5.2) Spellcasting
 - Level 6.5(6.1) Charms
 - Level 2.0(1.7) Summonings
 - Level 6.0(5.6) Necromancy
 - Level 5.0(4.7) Translocations
 - Level 7.5(7.2) Air Magic
 - Level 2.0(1.7) Poison Magic
 - Level 7.5(7.1) Invocations
 - Level 3.0(2.7) Evocations


You had 20 spell levels left.
You knew the following spells:

 Your Spells              Type           Power        Failure   Level  Hunger
a - Passage of Golubria   Tloc           N/A          77%         4    ####...
d - Repel Missiles        Chrm/Air       ##....       4%          2    ##.....
g - Apportation           Tloc           ##........   8%          1    None
s - Swiftness             Chrm/Air       ##......     4%          2    ##.....
A - Animate Skeleton      Necr           N/A          4%          1    None
B - Summon Butterflies    Summ           #.......     24%         1    None
P - Cure Poison           Pois           #.........   36%         2    ##.....


Dungeon Overview and Level Annotations

Branches:
Dungeon (15/15)            Temple (0/1) D:6            Lair (8/8) D:9
 Shoals (4/4) Lair:4        Snake (4/4) Lair:6        Slime (0/6) Lair:6
    Orc (2/2) D:12            Elf (1/3) Orc:2        Vaults (4/5) D:13
  Crypt (0/3) Vaults:3     Depths (2/5) D:15

Altars:
Elyvilon
Gozag
Kikubaaqudgha
Makhleb
Nemelex Xobeh
Okawaru
Ru
Trog
Uskayaw
Vehumet
Xom
Yredelemnul
The Shining One
Beogh
Jiyva

Shops:
D:4 [[=   D:5 ?   Orc:1 *   Orc:2 [(*%   Shoals:2 [   Shoals:4 ?

Portals:
Hell: Depths:1
Abyss: Depths:1

Annotations:
D:11 Sonja
Lair:2 stash
Lair:6 exclusion: oklob plant
Lair:7 exclusion: oklob plant
Shoals:3 exclusion: kraken
Depths:2 1 runed door


Innate Abilities, Weirdness & Mutations

You are too large for most types of armour.
You have claws for hands.
Your metabolism is lightning-fast.
You like to eat raw meat.
You heal very quickly.
You are covered in fur. (AC +1)
You have very tough skin. (AC +2)
Scrolls take you longer to read.
Your spells are a little easier to cast, but a little less powerful.


Message History

You mangle the Tzitzimitl!!
The Tzitzimitl is almost dead.
The ufetubus barely misses you. The ufetubus closely misses you.
You block the reaper's attack. The Tzitzimitl claws you.
The Tzitzimitl completely misses you. You block the Tzitzimitl's attack.
The Tzitzimitl claws you. You block the Tzitzimitl's attack. x2
The long sword of holy wrath hits you but does no damage.
The ynoxinul gestures.
You closely miss the Tzitzimitl.
The Tzitzimitl is almost dead.
You block the ufetubus's attack. x2; Something closely misses you.
The Tzitzimitl claws you.
The Tzitzimitl bites you but does no damage.
The Tzitzimitl engulfs you but does no damage.
The Tzitzimitl misses you.
The Tzitzimitl bites you but does no damage.
The Tzitzimitl barely misses you.
You claw the Tzitzimitl!
The Tzitzimitl is almost dead.
You block the long sword of holy wrath's attack.
You block the ufetubus's attack. The ufetubus barely misses you.
The reaper misses you.
You eviscerate the Tzitzimitl!!!
You kill the Tzitzimitl!
The long sword of holy wrath hits you but does no damage.
Something completely misses you. You block the Tzitzimitl's attack. x3
The ufetubus completely misses you. x2
Really walk into that cloud of foul pestilence? [Y]es or [N]o only, please.
Really walk into that cloud of foul pestilence? [Y]es or [N]o only, please.
Really walk into that cloud of foul pestilence?
Okay, then.
Unknown command.
Your pearl dragon armour prevents you from hitting the Tzitzimitl.
You mangle the Tzitzimitl!!
The Tzitzimitl is moderately wounded.
You block the long sword of holy wrath's attack.
You block the ufetubus's attack. The ufetubus closely misses you.
Something touches you but does no damage.
The Tzitzimitl gestures at you. The bolt of negative energy misses you.
You block the reaper's attack.
You miss the Tzitzimitl.
The Tzitzimitl is moderately wounded.
The ufetubus completely misses you. The ufetubus misses you.
You block the long sword of holy wrath's attack.
The ynoxinul gestures.
You block the ynoxinul's attack.
You barely miss the Tzitzimitl.
The Tzitzimitl is moderately wounded.
You block something's attack. You block the ufetubus's attack. x2
The Tzitzimitl claws you.
The Tzitzimitl bites you but does no damage.
The Tzitzimitl closely misses you. The long sword of holy wrath hits you!
You can now deal lightning-fast blows.
You block the ufetubus's attack. x2
The ynoxinul gestures.
You block the reaper's attack.
The long sword of holy wrath completely misses you.
Something closely misses you.
The Tzitzimitl calls on the powers of darkness!
The brown very ugly thing convulses!
Your body is wracked with pain!
* * * LOW HITPOINT WARNING * * *
The cyan ugly thing convulses!
The brown ugly thing convulses!
The brown very ugly thing convulses! x2
You feel much better.
You feel like a meek peon again. The ufetubus misses you.
You block the ufetubus's attack.
You block the long sword of holy wrath's attack.
You block the ynoxinul's attack.
The cyan ugly thing basks in the mutagenic energy from its kin and changes!
You hear some strange, mumbled words.
An iron shot appears from out of thin air!
The iron shot hits you!
* * * LOW HITPOINT WARNING * * *
You block the Tzitzimitl's attack. The Tzitzimitl bites you.
* * * LOW HITPOINT WARNING * * *
The Tzitzimitl engulfs you but does no damage.
You block the reaper's attack. The ufetubus closely misses you.
The ufetubus hits you but does no damage.
You scratch the Tzitzimitl.
The Tzitzimitl is moderately wounded.
You block the long sword of holy wrath's attack.
The ynoxinul hits you but does no damage.
You claw the Tzitzimitl!
The Tzitzimitl is heavily wounded.
The ufetubus misses you. You block the ufetubus's attack.
Something touches you!
* * * LOW HITPOINT WARNING * * *
You partially resist.
You feel drained.
You miss the Tzitzimitl.
The Tzitzimitl is heavily wounded.
The Tzitzimitl barely misses you. You block the Tzitzimitl's attack.
The Tzitzimitl engulfs you but does no damage.
You eviscerate the Tzitzimitl!!!
The Tzitzimitl is almost dead.
The long sword of holy wrath hits you but does no damage.
You block the ufetubus's attack. The ufetubus barely misses you.
The reaper hits you from afar with an antimagic scythe!!
You die...

.. ........
#..#.#....#
#.....+...#. # #.#
. ##...........
.#.#.#.#...........
#. # .#...55......
.. #. #
##..5u5..... #. . .
#..u(5u3.... .#
##55@1u5.... #. # #
.###.#3{u5...# #
#.. #...525.....
..... .#...........
...
.............(...
.. #.
###.......#... ##
.# ##...##..#.. # .
##.### ..#.. .
#...# .


You could see a Tzitzimitl, 3 very ugly things, a reaper, 2 ugly things, 2
ynoxinuls, a long sword of holy wrath and 11 ufetubi.

Vanquished Creatures
  An ancient lich (Abyss:3)
  Sojobo (Depths:1)
  Saint Roka (Vaults:1)
  Nikola (Snake:2)
  A golden dragon (Depths:1)
  6 bone dragons
  Jorgrun (Vaults:1)
  A hellephant (Abyss:3)
  A tentacled monstrosity (Depths:2)
  Polyphemus (Shoals:4)
  An Executioner (Abyss:3)
  Frances (D:12)
  2 sphinxes
  8 tentacled starspawn
  A shadow dragon (Vaults:3)
  2 tengu reavers (D:15)
  Ilsuiw (Shoals:4)
  11 greater nagas
  A fire giant (Depths:2)
  A revenant (Abyss:1)
  8 vault wardens
  4 frost giants
  Maud (Orc:1)
  A cacodemon (Abyss:3)
  An iron dragon (Depths:2)
  2 orc warlords
  A balrug (Abyss:1)
  Aizul (Elf:1)
  Louise (Snake:1)
  A draconian shifter (Abyss:3)
  9 ironheart preservers
  A reaper (Abyss:1)
  A war gargoyle (D:14)
  6 very ugly things
  12 stone giants
  2 deep elf demonologists
  3 deep elf annihilators
  A merfolk javelineer (Shoals:4)
  4 ettins
  A green death (Abyss:1)
  A deep elf death mage (Depths:2)
  12 fire dragons
  11 vault guards
  Josephine (Lair:4)
  A minotaur (Lab)
  8 yaktaur captains
  6 great orbs of eyes
  16 hydras
  6 ice dragons
  A deep elf high priest (Elf:1)
  5 merfolk impalers
  Erolcha (D:11)
  8 rakshasas
  3 merfolk avatars
  An entropy weaver (Depths:2)
  20 naga warriors
  11 centaur warriors
  7 merfolk aquamancers
  8 anacondas
  5 catoblepae
  9 ogre magi
  4 tengu warriors
  5 death knights
  6 vampire magi
  8 deep troll earth magi
  9 dancing weapons
  6 deep troll shamans
  19 death yaks
  11 naga sharpshooters
  16 thrashing horrors
  An orc high priest (Elf:1)
  A shock serpent (shapeshifter) (Abyss:3)
  A soul eater (Depths:1)
  9 shock serpents
  A storm dragon zombie (Vaults:2)
  Nergalle (D:12)
  3 sun demons (Abyss:1)
  13 wretched stars
  4 spriggan berserkers
  14 deep elf knights
  5 hell knights (Depths:1)
  2 fire crabs
  The ghost of rvm the Slicer, a novice VSMo of Gozag (D:10)
  A shadow wraith (Abyss:3)
  7 iron trolls
  2 salamander mystics
  4 skeletal warriors (D:15)
  2 spatial maelstroms (Abyss:1)
  8 sea snakes
  13 deep trolls
  3 obsidian statues (Depths:1)
  10 naga ritualists
  13 deep elf archers
  2 unseen horrors
  A shadow demon (Abyss:3)
  10 hill giants
  22 harpies
  Pikel (D:5)
  3 flayed ghosts
  5 giant orange brains
  A phantasmal warrior (Abyss:3)
  49 deep elf magi
  2 necromancers
  14 orc knights
  14 ironbrand convokers
  10 mana vipers
  A wolf spider (Vaults:3)
  2 hornets
  36 ugly things
  10 cyclopes
  A frost giant zombie (Depths:1)
  12 salamanders
  A frost giant skeleton (Depths:1)
  10 manticores
  A manticore (shapeshifter) (Depths:2)
  4 sixfirhies
  A faun (Shoals:2)
  10 griffons
  8 orc sorcerers
  4 apocalypse crabs
  14 sirens
  3 worldbinders (Abyss:3)
  9 smoke demons
  A guardian serpent (shapeshifter) (Vaults:4)
  6 elephants (Lair:5)
  An octopode (shapeshifter) (Depths:1)
  A water nymph (shapeshifter) (D:15)
  15 vault sentinels
  2 rust devils (Depths:1)
  A gargoyle (D:14)
  2 guardian serpents
  15 spiny frogs
  37 black mambas
  2 ice statues (IceCv)
  An eye of devastation (Abyss:3)
  3 orange demons
  19 naga magi
  3 water nymphs
  A spiny frog (shapeshifter) (Vaults:4)
  6 efreet
  5 rime drakes
  10 freezing wraiths
  A human zombie (Vaults:2)
  A hellion (Abyss:3)
  A kobold demonologist (Vaults:2)
  8 komodo dragons
  30 yaktaurs
  12 ice devils
  2 demonic crawlers (Abyss:3)
  2 tormentors (Abyss:3)
  11 ancient zymes
  4 tengu conjurers
  3 red devils (Depths:1)
  39 merfolk
  A jumping spider (Vaults:4)
  A queen bee (Depths:2)
  A two-headed ogre (shapeshifter) (Abyss:3)
  11 trolls
  A tengu simulacrum (Vaults:1)
  11 snapping turtles
  4 wind drakes
  16 blink frogs
  5 boulder beetles
  2 human simulacra
  15 slime creatures
  An ice dragon zombie (Abyss:1)
  17 two-headed ogres
  The ghost of Mulkerokala the Shooter, an amateur HuWn (D:4)
  21 raiju
  A fire dragon zombie (Abyss:3)
  A hornet zombie (D:15)
  A fire dragon skeleton (Abyss:1)
  A deep troll skeleton (Depths:1)
  2 centaur simulacra
  30 large abominations
  11 flying skulls (Abyss:3)
  8 redbacks
  A spriggan (shapeshifter) (Depths:2)
  6 air elementals
  3 wyverns
  Sigmund (D:2)
  22 water elementals
  3 shadows
  3 vampires
  10 ynoxinuls
  A fire elemental (Elf:1)
  14 wraiths
  47 yaks
  A human (shapeshifter) (Abyss:3)
  8 fire bats
  4 basilisks
  7 golden eyes
  7 neqoxecs (Abyss:3)
  A hungry ghost (D:14)
  3 chaos spawn (Abyss:3)
  26 vampire mosquitoes
  27 small abominations
  5 wargs
  Menkaure (D:7)
  An insubstantial wisp (Lair:6)
  A mottled dragon (D:14)
  8 hippogriffs
  A spatial vortex (Abyss:1)
  30 nagas
  A soldier ant (shapeshifter) (D:14)
  2 soldier ants
  6 hell hounds (Abyss:3)
  12 water moccasins
  An entropy weaver simulacrum (Depths:1)
  16 porcupines
  51 orc warriors
  4 ice beasts
  4 slaves (D:5)
  4 eyes of draining
  A black bear (D:7)
  A wasp (D:13)
  An eye of draining (shapeshifter) (Abyss:3)
  2 phantoms
  5 sky beasts
  43 ogres
  17 wolves
  10 centaurs
  16 crocodiles
  3 big kobolds (D:10)
  21 giant frogs
  An earth elemental (Elf:1)
  A wyvern zombie (D:15)
  3 scorpions
  26 killer bees
  A wight (D:14)
  2 howler monkeys
  2 electric eels
  A giant frog zombie (D:8)
  6 crimson imps
  5 quasits
  68 starcursed masses
  3 centaur zombies
  A lava snake (D:7)
  6 jellies
  6 hounds
  Crazy Yiuf (D:6)
  2 giant frog skeletons
  35 orc priests
  7 iron imps
  27 orc wizards
  7 centaur skeletons
  A human skeleton (Abyss:1)
  8 iguanas
  10 worker ants
  A boulder beetle simulacrum (Vaults:3)
  36 sheep
  A hound skeleton (D:11)
  3 hound zombies
  Robin (D:1)
  A howler monkey zombie (D:4)
  A worker ant zombie (D:9)
  A gnoll (D:4)
  31 river rats
  5 adders
  7 shadow imps
  14 white imps
  7 ufetubi
  An adder zombie (D:4)
  2 worms
  3 dart slugs
  9 giant geckos
  146 orcs
  2 giant cockroaches
  16 goblins
  11 hobgoblins
  8 jackals
  5 quokkas
  3 ball pythons
  7 bats
  A giant cockroach zombie (D:4)
  A giant gecko zombie (D:4)
  4 giant newts
  3 kobolds
  A quokka skeleton (D:6)
  3 rats
  A fungus (Lair:8)
  3 lurking horrors
  11 plants
  4 starspawn tentacles
2165 creatures vanquished.

Vanquished Creatures (collateral kills)
  A golden dragon (Depths:2)
  A very ugly thing (Depths:2)
  A merfolk impaler (Depths:2)
  A yaktaur (Depths:2)
  A centaur (Depths:1)
5 creatures vanquished.

Vanquished Creatures (others)
  3 stone giants (Depths:2)
  A deep elf annihilator (Depths:2)
  2 merfolk javelineers (Shoals:2)
  A centaur warrior (D:14)
  A deep elf knight (Vaults:3)
  A naga sharpshooter (Snake:4)
  A deep elf archer (Elf:1)
  A mana viper (Abyss:3)
  2 cyclopes
  A shadow (D:14)
  A golden eye (Abyss:3)
  A naga (Snake:4)
  A centaur (D:9)
  2 wights (D:14)
  A crimson imp (D:15)
  A white imp (IceCv)
  3 ufetubi (IceCv)
  An orc (Vaults:3)
  5 fungi
  4 lurking horrors (Abyss:3)
  32 plants
  24 starspawn tentacles
  254 starspawn tentacle segments
  4 tentacles (Shoals:3)
  150 tentacle segments (Shoals:3)
498 creatures vanquished.

Grand Total: 2668 creatures vanquished

Notes
Turn   | Place    | Note
--------------------------------------------------------------
     0 | D:1      | MenacingMecha the Troll Monk began the quest for the Orb.
     0 | D:1      | Reached XP level 1. HP: 22/22 MP: 0/0
   266 | D:1      | Reached XP level 2. HP: 29/29 MP: 1/1
   897 | D:2      | Noticed Robin
   999 | D:1      | Killed Robin
   999 | D:1      | Reached skill level 5 in Unarmed Combat
   999 | D:1      | Reached XP level 3. HP: 29/36 MP: 2/2
  1159 | D:2      | Noticed Sigmund
  1341 | D:2      | Reached XP level 4. HP: 44/44 MP: 3/3
  1966 | D:3      | Reached skill level 6 in Unarmed Combat
  2439 | D:3      | Reached skill level 3 in Fighting
  2439 | D:3      | Reached XP level 5. HP: 53/53 MP: 4/4
  2727 | D:4      | Found Kukhla's Armour Boutique.
  2730 | D:4      | Found Velaat's Armour Boutique.
  2954 | D:4      | Found Puyreath's Jewellery Emporium.
  3109 | D:4      | Noticed Mulkerokala's ghost (amateur HuWn)
  3114 | D:4      | Reached skill level 4 in Fighting
  3122 | D:4      | Killed Mulkerokala's ghost
  3122 | D:4      | Reached skill level 5 in Fighting
  3122 | D:4      | Reached XP level 6. HP: 66/66 MP: 5/5
  3392 | D:4      | Found a sacrificial altar of Ru.
  3501 | D:4      | Found an iron altar of Okawaru.
  3501 | D:4      | Found a bloodstained altar of Trog.
  3527 | D:4      | Became a worshipper of Warmaster Okawaru
  3527 | D:4      | Reached * piety under Okawaru
  3527 | D:4      | Reached ** piety under Okawaru
  3574 | D:4      | Reached skill level 3 in Dodging
  3574 | D:4      | Reached XP level 7. HP: 68/72 MP: 6/6
  3999 | D:5      | Entered Level 5 of the Dungeon
  4134 | D:5      | Reached skill level 4 in Dodging
  4270 | D:5      | Found Aliagae's Magic Scroll Boutique.
  4325 | D:5      | Found a sparkling altar of Nemelex Xobeh.
  4586 | D:5      | Found a basalt altar of Yredelemnul.
  4673 | D:5      | Noticed Pikel
  4680 | D:5      | Killed Pikel
  4680 | D:5      | Reached *** piety under Okawaru
  4680 | D:5      | Reached skill level 2 in Throwing
  4680 | D:5      | Reached skill level 5 in Dodging
  4680 | D:5      | Reached XP level 8. HP: 80/80 MP: 4/7
  4945 | D:6      | Reached skill level 3 in Throwing
  5064 | D:6      | Noticed Crazy Yiuf
  5070 | D:6      | Killed Crazy Yiuf
  5095 | D:6      | Found an opulent altar of Gozag.
  5137 | D:6      | Reached skill level 7 in Unarmed Combat
  5220 | D:6      | Reached skill level 4 in Throwing
  5351 | D:6      | Found a staircase to the Ecumenical Temple.
  5476 | D:6      | Found a white marble altar of Elyvilon.
  5618 | D:7      | Reached skill level 6 in Dodging
  5650 | D:7      | Found an ancient bone altar of Kikubaaqudgha.
  5699 | D:7      | Reached XP level 9. HP: 87/88 MP: 8/8
  5843 | D:7      | Noticed Menkaure
  5849 | D:7      | Killed Menkaure
  5849 | D:7      | Reached skill level 8 in Unarmed Combat
  5942 | D:7      | Reached **** piety under Okawaru
  6103 | D:7      | Reached skill level 9 in Unarmed Combat
  6193 | D:7      | Noticed a troll
  6196 | D:7      | Killed a troll
  6302 | D:7      | Reached skill level 6 in Fighting
  6608 | D:7      | Reached skill level 10 in Unarmed Combat
  6631 | D:7      | Reached ***** piety under Okawaru
  6776 | D:8      | Reached skill level 1 in Invocations
  6838 | D:8      | Reached XP level 10. HP: 98/98 MP: 8/10
  6997 | D:8      | Reached skill level 2 in Invocations
  7190 | D:8      | Received a gift from Okawaru
  7404 | D:9      | Noticed a death yak
  7406 | D:9      | Reached skill level 3 in Invocations
  7656 | D:9      | Reached skill level 11 in Unarmed Combat
  7720 | D:9      | Reached skill level 4 in Invocations
  7774 | D:9      | Found a staircase to the Lair.
  7993 | D:9      | Found a glowing golden altar of the Shining One.
  7993 | D:9      | Found a hide-covered altar of Uskayaw.
  7994 | D:9      | Found a burning altar of Makhleb.
  8035 | D:9      | Reached skill level 5 in Invocations
  8107 | D:10     | Entered Level 10 of the Dungeon
  8145 | D:10     | Reached skill level 6 in Invocations
  8298 | D:9      | Killed a death yak
  8298 | D:9      | Reached skill level 7 in Invocations
  8370 | D:10     | Noticed rvm's ghost (novice VSMo)
  8380 | D:10     | Killed rvm's ghost
  8380 | D:10     | Reached skill level 1 in Shields
  8380 | D:10     | Reached XP level 11. HP: 105/105 MP: 7/15
  8488 | D:10     | Reached skill level 1 in Evocations
  8906 | D:10     | Reached skill level 2 in Stealth
  8906 | D:10     | Reached skill level 2 in Shields
  8967 | D:10     | Noticed a two-headed hydra
  8976 | D:10     | Received a gift from Okawaru
  8999 | D:10     | Reached skill level 2 in Evocations
  9210 | D:4      | Bought the ring of Peace {+Inv Dex+5 SInv} for 513 gold pieces
  9349 | Lair:1   | Entered Level 1 of the Lair of Beasts
  9394 | Lair:1   | Reached skill level 3 in Shields
  9395 | Lair:1   | Noticed a five-headed hydra
  9400 | Lair:1   | Killed a five-headed hydra
  9400 | Lair:1   | Reached skill level 4 in Shields
  9603 | Lair:1   | Received a gift from Okawaru
  9621 | Lair:1   | Found a frozen archway.
  9646 | IceCv    | Entered an ice cave
  9667 | IceCv    | Reached skill level 5 in Shields
  9973 | IceCv    | Reached skill level 6 in Shields
 10445 | IceCv    | Reached skill level 7 in Shields
 10476 | IceCv    | Learned a level 2 spell: Swiftness
 10481 | IceCv    | Learned a level 4 spell: Passage of Golubria
 11328 | Lair:2   | Noticed a four-headed hydra
 11378 | Lair:1   | Reached skill level 8 in Shields
 11387 | Lair:1   | Reached XP level 12. HP: 114/114 MP: 16/16
 11414 | Lair:1   | HP: 24/114 [four-headed hydra (10)]
 11416 | Lair:1   | HP: 11/114 [four-headed hydra (15)]
 11606 | Lair:1   | Killed a four-headed hydra
 11748 | Lair:2   | Reached skill level 9 in Shields
 12202 | Lair:2   | Reached skill level 5 in Throwing
 12676 | Lair:2   | Upgraded the game from 0.19-a0-473-g3ac10ee to 0.19-a0-496-g61814d3
 12703 | Lair:3   | Received a gift from Okawaru
 12742 | Lair:3   | Reached skill level 7 in Fighting
 12769 | Lair:3   | Noticed a seven-headed hydra
 12775 | Lair:3   | Killed a seven-headed hydra
 12775 | Lair:3   | Received a gift from Okawaru
 12786 | Lair:3   | Got a brightly glowing robe {god gift}
 12860 | Lair:3   | Reached skill level 6 in Throwing
 13110 | Lair:3   | Noticed a five-headed hydra
 13120 | Lair:3   | Killed a five-headed hydra
 13165 | Lair:3   | Reached skill level 8 in Fighting
 13168 | Lair:3   | Reached skill level 7 in Throwing
 13561 | Lair:3   | Got a silken robe
 13878 | Lair:4   | Noticed a death yak
 13878 | Lair:4   | Noticed a death yak
 13880 | Lair:4   | Noticed a death yak
 13880 | Lair:4   | Noticed a death yak
 13969 | Lair:3   | Killed a death yak
 13981 | Lair:3   | Killed a death yak
 13981 | Lair:3   | Reached XP level 13. HP: 128/128 MP: 17/17
 14093 | Lair:3   | Identified the +2 robe of Recklessness {rPois Int+4} (Okawaru gifted it to you on level 3 of the Lair of Beasts)
 14103 | Lair:3   | Identified the +2 robe of Beogh's Fury {Int+6 Dex+3} (You found it on level 3 of the Lair of Beasts)
 14165 | Lair:4   | Noticed Josephine
 14180 | Lair:4   | Reached skill level 8 in Throwing
 14349 | Lair:4   | Killed Josephine
 14349 | Lair:4   | Received a gift from Okawaru
 14490 | Lair:4   | Reached ****** piety under Okawaru
 14533 | Lair:4   | Reached skill level 9 in Fighting
 14899 | Lair:4   | Found a staircase to the Shoals.
 15227 | Lair:5   | Reached skill level 9 in Throwing
 15661 | Lair:5   | Received a gift from Okawaru
 15809 | Lair:5   | Got a transparent shortbow
 16107 | Lair:6   | Reached skill level 10 in Fighting
 16297 | Lair:6   | Received a gift from Okawaru
 16300 | Lair:6   | Got an encrusted flail {god gift}
 16338 | Lair:6   | Reached skill level 10 in Throwing
 16607 | Lair:6   | Found a staircase to the Snake Pit.
 16822 | Lair:6   | Found a viscous altar of Jiyva.
 16824 | Lair:6   | Found a staircase to the Slime Pits.
 16857 | Lair:6   | Reached XP level 14. HP: 143/143 MP: 18/18
 17856 | Lair:7   | Reached skill level 7 in Dodging
 18059 | Lair:8   | Entered Level 8 of the Lair of Beasts
 18087 | Lair:7   | Received a gift from Okawaru
 18107 | Lair:7   | Got a blackened demon blade {god gift}
 18609 | Lair:8   | Reached skill level 12 in Unarmed Combat
 18933 | Lair:8   | Received a gift from Okawaru
 18950 | Lair:8   | Reached skill level 8 in Dodging
 19321 | Lair:8   | Reached skill level 13 in Unarmed Combat
 19593 | Lair:8   | Got a heavy robe
 19604 | Lair:8   | Identified the +1 robe "Uqu Vyk" {rF- Int+3} (You found it on level 8 of the Lair of Beasts)
 20259 | D:11     | Noticed Sonja
 20299 | D:11     | Noticed Erolcha
 20310 | D:11     | Killed Erolcha
 21239 | D:12     | Noticed Frances
 21489 | D:12     | Noticed Nergalle
 21691 | D:12     | Found a staircase to the Orcish Mines.
 21720 | Orc:1    | Entered Level 1 of the Orcish Mines
 21722 | Orc:1    | Noticed Maud
 21741 | Orc:1    | Killed Maud
 21741 | Orc:1    | Received a gift from Okawaru
 21741 | Orc:1    | Reached skill level 14 in Unarmed Combat
 21940 | Orc:1    | Found a roughly hewn altar of Beogh.
 21949 | Orc:1    | Found Iovadaw's Incredible Inventory.
 22173 | Orc:2    | Entered Level 2 of the Orcish Mines
 22253 | Orc:2    | Received a gift from Okawaru
 22261 | Orc:2    | Noticed an orc warlord
 22344 | Orc:2    | Killed an orc warlord
 22424 | Orc:2    | Found Tagat's Antique Weapon Shoppe.
 22446 | Orc:2    | Reached XP level 15. HP: 107/149 MP: 19/19
 22500 | Orc:2    | Found Eklitt's Antique Armour Emporium.
 22501 | Orc:2    | Found a roughly hewn altar of Beogh.
 22769 | Orc:2    | Found a roughly hewn altar of Beogh.
 22933 | Orc:2    | Reached skill level 15 in Unarmed Combat
 23014 | Orc:2    | Found a staircase to the Elven Halls.
 23035 | Orc:2    | Found a roughly hewn altar of Beogh.
 23066 | Orc:2    | Found Wipp's Assorted Antiques.
 23074 | Orc:2    | Bought a copper wand for 92 gold pieces
 23161 | Orc:2    | Found a roughly hewn altar of Beogh.
 23366 | Orc:2    | Found a roughly hewn altar of Beogh.
 23379 | Orc:2    | Found Ocuabawn's Food Shoppe.
 23532 | Orc:2    | Found a roughly hewn altar of Beogh.
 23844 | Orc:1    | Found a roughly hewn altar of Beogh.
 24185 | Orc:1    | You fall through a shaft!
 24439 | D:12     | Killed Frances
 24439 | D:12     | Received a gift from Okawaru
 24477 | D:12     | Killed Nergalle
 25279 | D:2      | Killed Sigmund
 25612 | Shoals:1 | Entered Level 1 of the Shoals
 25627 | Shoals:1 | Received a gift from Okawaru
 25934 | Shoals:1 | Got a bloodstained greatsling
 26111 | Shoals:1 | Reached skill level 16 in Unarmed Combat
 26229 | Shoals:1 | Reached skill level 1 in Armour
 26337 | Shoals:1 | Learned a level 2 spell: Repel Missiles
 26424 | Shoals:2 | Reached skill level 1 in Charms
 26433 | Shoals:2 | Reached skill level 1 in Air Magic
 26911 | Shoals:2 | Reached skill level 2 in Charms
 27122 | Shoals:2 | Found Geidenko's Antique Armour Boutique.
 27412 | Shoals:2 | Reached skill level 2 in Air Magic
 27642 | Shoals:2 | HP: 32/149 [harpy (8)]
 27645 | Shoals:2 | Received a gift from Okawaru
 28060 | Shoals:2 | Reached skill level 3 in Charms
 28065 | Shoals:2 | Reached skill level 3 in Air Magic
 28140 | Shoals:1 | Reached skill level 1 in Spellcasting
 28142 | Shoals:1 | HP: 37/149 [manticore (3)]
 28419 | Shoals:3 | Reached skill level 2 in Spellcasting
 28497 | Shoals:2 | Gained mutation: You are covered in thick fur. (AC +2) [potion of mutation]
 28497 | Shoals:2 | Gained mutation: You have a pair of small horns on your head. [potion of mutation]
 28497 | Shoals:2 | Gained mutation: You have a pair of horns on your head. [potion of mutation]
 28513 | Shoals:2 | Gained mutation: You are frail. (-10% HP) [potion of mutation]
 28513 | Shoals:2 | Gained mutation: You are very frail. (-20% HP) [potion of mutation]
 28513 | Shoals:2 | Gained mutation: Your body sometimes deteriorates upon taking damage. [potion of mutation]
 28644 | Shoals:3 | Upgraded the game from 0.19-a0-496-g61814d3 to 0.19-a0-517-gd6a9987
 28890 | Shoals:3 | Noticed a kraken
 30004 | D:13     | Reached XP level 16. HP: 126/126 MP: 20/20
 30067 | D:13     | Found a gate to the Vaults.
 30074 | D:13     | Identified a scroll of acquirement
 30197 | D:13     | Reached skill level 4 in Charms
 30235 | D:13     | Reached skill level 4 in Air Magic
 30348 | D:14     | Found a labyrinth entrance.
 30369 | Lab      | Entered a labyrinth
 30592 | Lab      | Identified Kaecorghyh's Tome of the Vitriolic Blaze
 30599 | Lab      | Learned a level 2 spell: Cure Poison
 30661 | D:14     | Reached skill level 3 in Spellcasting
 30666 | D:14     | Received a gift from Okawaru
 30956 | D:14     | Reached skill level 5 in Charms
 31385 | D:14     | Reached skill level 6 in Charms
 31955 | Snake:1  | Entered Level 1 of the Snake Pit
 32129 | Snake:1  | Received a gift from Okawaru
 32216 | Snake:1  | Reached skill level 5 in Air Magic
 32426 | Snake:1  | Noticed Louise
 32442 | Snake:1  | Killed Louise
 32800 | Snake:1  | Reached skill level 6 in Air Magic
 32978 | Snake:2  | Reached skill level 1 in Poison Magic
 32995 | Snake:2  | Received a gift from Okawaru
 32995 | Snake:2  | Reached skill level 2 in Poison Magic
 33121 | Snake:2  | Reached skill level 2 in Armour
 33286 | Snake:2  | Noticed Nikola
 33300 | Snake:2  | Killed Nikola
 33300 | Snake:2  | Reached skill level 3 in Armour
 33404 | Snake:2  | Reached skill level 4 in Armour
 33836 | Snake:2  | Reached XP level 17. HP: 133/133 MP: 21/21
 33915 | Snake:2  | Found a shimmering altar of Xom.
 34396 | Snake:3  | Reached skill level 11 in Fighting
 35041 | Snake:2  | Reached skill level 9 in Dodging
 35049 | Snake:2  | HP: 33/136 [naga warrior/halberd (2)]
 35910 | D:15     | Entered Level 15 of the Dungeon
 35973 | D:15     | Received a gift from Okawaru
 36359 | D:15     | Reached skill level 12 in Fighting
 36499 | D:15     | Got a crude quarterstaff
 36550 | D:15     | Upgraded the game from 0.19-a0-517-gd6a9987 to 0.19-a0-519-gb6a5606
 36598 | D:15     | Found a staircase to the Depths.
 37467 | Elf:1    | Entered Level 1 of the Elven Halls
 37514 | Elf:1    | Found a radiant altar of Vehumet.
 37665 | Elf:1    | Reached skill level 7 in Air Magic
 37809 | Elf:1    | Received a gift from Okawaru
 38302 | Elf:1    | Noticed Aizul
 38325 | Elf:1    | Killed Aizul
 38400 | Elf:1    | Got a translucent spear
 38654 | Elf:1    | Received a gift from Okawaru
 38750 | Elf:1    | Reached skill level 10 in Shields
 38752 | Elf:1    | Reached XP level 18. HP: 109/145 MP: 20/22
 39859 | Snake:4  | Entered Level 4 of the Snake Pit
 39900 | Snake:4  | Received a gift from Okawaru
 40652 | Snake:4  | Reached skill level 17 in Unarmed Combat
 40915 | Snake:4  | Reached skill level 11 in Shields
 41558 | Snake:4  | Received a gift from Okawaru
 41644 | Snake:4  | Got a serpentine rune of Zot
 41674 | Snake:4  | Reached skill level 12 in Shields
 42090 | Lair:2   | aredel: that notes for jev\armour - some strings in your rc?
 42090 | Lair:2   | aredel: i mean (Mr+, PDA etc)
 42090 | Lair:2   | MenacingMecha: yes
 42090 | Lair:2   | MenacingMecha: messing about with hilariousdeathartist's rc
 42090 | Lair:2   | aredel: hm, it shows all stats or some can ignore?
 42090 | Lair:2   | MenacingMecha: what do you mean?
 42090 | Lair:2   | MenacingMecha: the inscriptions?
 42090 | Lair:2   | aredel: yeah in brakets
 42090 | Lair:2   | aredel: list up
 42090 | Lair:2   | MenacingMecha: you have to set them manually, like stuff of MR will be tagged MR+ and so on
 42090 | Lair:2   | MenacingMecha: abreviated all the dragon armours for easy searching
 42090 | Lair:2   | aredel: ah so that was manually typed?
 42090 | Lair:2   | aredel: ah i see
 42226 | Vaults:1 | Entered Level 1 of the Vaults
 42417 | Vaults:1 | MenacingMecha: shame I already have a better EV ring
 42593 | Vaults:1 | aredel: seems like that +5 dex less usefull against 5 AC
 42604 | Vaults:1 | aredel: cause sinv - optional one
 42606 | Vaults:1 | aredel: and you are not so EV\dex char
 42606 | Vaults:1 | MenacingMecha: maybe actually yeah
 42606 | Vaults:1 | aredel: and you wont use inv)
 42606 | Vaults:1 | aredel: invocation?
 42606 | Vaults:1 | MenacingMecha: you always want more EV/dex though
 42606 | Vaults:1 | MenacingMecha: invisibility
 42606 | Vaults:1 | aredel: ah no , evocation*)
 42606 | Vaults:1 | MenacingMecha: getting removed soon
 42760 | Vaults:1 | aredel: that large rocks can hit through another monsters in a row?
 42762 | Vaults:1 | MenacingMecha: it used to
 42762 | Vaults:1 | MenacingMecha: not anymore
 42762 | Vaults:1 | aredel: like penetration one brand*
 42762 | Vaults:1 | MenacingMecha: you can't get branded large rocks i don't think
 42781 | Vaults:1 | MenacingMecha: kind of punishes ogres/trolls a bit but it's not like large rocks don't already do nice damage
 42805 | Vaults:1 | aredel: no no , i mean that when you shot bolts\arrows you can hit that far-far monster on 2-3-4 tiles behind closest one
 42808 | Vaults:1 | aredel: with rocks can you hit them?
 42808 | Vaults:1 | MenacingMecha: AFAIK that's just you missing the ones infront but hitting the ones behind
 42808 | Vaults:1 | MenacingMecha: you can do that with any projectile
 42810 | Vaults:1 | Noticed Saint Roka
 42819 | Vaults:1 | Killed Saint Roka
 42819 | Vaults:1 | Reached skill level 13 in Shields
 42819 | Vaults:1 | Reached XP level 19. HP: 124/151 MP: 15/23
 42820 | Vaults:1 | aredel: ah nice)
 42857 | Vaults:1 | aredel: cause its pretty usefull to kill some smiters and\or lockers
 42859 | Vaults:1 | MenacingMecha: yeah, but it's really throwing hte dice to take care of them that way
 42859 | Vaults:1 | MenacingMecha: which is where portal projectile comes in hadny
 43107 | Vaults:1 | Noticed Jorgrun
 43117 | Vaults:1 | Killed Jorgrun
 43119 | Vaults:1 | aredel: hm, i also need to train transloc for cBlink, so i can use that for smite-attacks
 43119 | Vaults:1 | aredel: need to find it)
 43119 | Vaults:1 | MenacingMecha: cBlink is such a huge investment though
 43119 | Vaults:1 | MenacingMecha: what are you playing?
 43119 | Vaults:1 | aredel: portal proj*
 43119 | Vaults:1 | MenacingMecha: yes
 43119 | Vaults:1 | aredel: MuFi of chei
 43119 | Vaults:1 | MenacingMecha: how far? Never bothered much with chei, don't find him that fun to use
 43223 | Vaults:1 | Lost mutation: Your body sometimes deteriorates upon taking damage. [a neqoxec]
 43235 | Vaults:1 | aredel: the best one was 23lvl, but as for me - that lucky char with ocpa on D9 ^_^
 43235 | Vaults:1 | aredel: http://underhound.eu:81/crawl/morgue/aredel/morgue-aredel-20160605-214545.txt
 43235 | Vaults:1 | MenacingMecha: hell sentinals on abyss is nasty
 43235 | Vaults:1 | aredel: got that end game armour and dead in aby3, with that damn wizard(
 43235 | Vaults:1 | aredel: was lacked in Mr\
 43235 | Vaults:1 | MenacingMecha: MR is the most important resist IMO
 43235 | Vaults:1 | aredel: now i always try to conf\paral that shit)
 43235 | Vaults:1 | aredel: yeah but still rnd in this game sucks(
 43235 | Vaults:1 | MenacingMecha: if you come across a nasty fire/ice/neg threat you can always just walk away but with MR it can get you in a really bad spot
 43235 | Vaults:1 | MenacingMecha: it's really not that bad tbh
 43235 | Vaults:1 | aredel: you can got end game items in early game or in last floor of zig
 43235 | Vaults:1 | MenacingMecha: the only time RNG properly kicks in past what you can do is early game
 43235 | Vaults:1 | aredel: just like with money)
 43235 | Vaults:1 | MenacingMecha: but if you find an end game item early you often itmes can't use it for a long while
 43235 | Vaults:1 | aredel: i can survive
 43237 | Vaults:1 | aredel: 100% in early game
 43242 | Vaults:1 | aredel: but that rmd with items...mid game cant forgive that(
 43242 | Vaults:1 | aredel: lack of mr - banishment
 43242 | Vaults:1 | aredel: lack of rF- fire dragon (or another kind)
 43242 | Vaults:1 | aredel: ))))
 43242 | Vaults:1 | MenacingMecha: then it's just lack of experiance that's getting you killed then - there's always ways around nearly every threat
 43242 | Vaults:1 | MenacingMecha: dont' forget that mummies are probably the worst race in the game
 43247 | Vaults:1 | aredel: yeah yeah, you can tell that just like here)
 43249 | Vaults:1 | MenacingMecha: ?
 43249 | Vaults:1 | aredel: heh worst?
 43249 | Vaults:1 | MenacingMecha: yeah I think so
 43301 | Vaults:1 | Gained mutation: You have a pair of large horns on your head. [a cacodemon]
 43305 | Vaults:1 | aredel: http://underhound.eu:81/crawl/morgue/aredel/aredel.txt
 43306 | Vaults:1 | aredel: worst char can get endless game)
 43306 | Vaults:1 | aredel: in which you can watch all of the games posibillities)
 43306 | Vaults:1 | MenacingMecha: i didn't say mummies are unwinnable lol
 43306 | Vaults:1 | MenacingMecha: i forgot about felids also
 43306 | Vaults:1 | MenacingMecha: those are some nice finds also
 43306 | Vaults:1 | aredel: no felids -norm
 43312 | Vaults:1 | aredel: the worst i heared still Mu ox xom)
 43312 | Vaults:1 | aredel: of*
 43312 | Vaults:1 | MenacingMecha: MuMo
 43312 | Vaults:1 | aredel: chei - hard game but still survivable, xom - realy nasty)
 43425 | Vaults:1 | aredel: just convert in early game that monk to fighter with shield and plate)
 43462 | Vaults:1 | aredel: and you can survive any encouter!
 43514 | Vaults:1 | aredel: btw show you progress or let me see your dump
 43517 | Vaults:1 | MenacingMecha: idk if you can see when I do that http://underhound.eu:81/crawl/morgue/MenacingMecha/MenacingMecha.txt
 43543 | Vaults:1 | aredel: btw need to tell that shitty devs to delete possibility for double respawn of labs(
 43549 | Vaults:1 | MenacingMecha: you can get two labs?
 43852 | Vaults:1 | aredel: yeah-twice i got two on the same floor in lair
 43857 | Vaults:1 | MenacingMecha: put it ont he issue tracker on github?
 43935 | Vaults:1 | aredel: one was lab of minas and second - ice cave
 43955 | Vaults:1 | Received a gift from Okawaru
 43967 | Vaults:1 | aredel: i mean different) not the same
 43968 | Vaults:1 | MenacingMecha: oh
 43968 | Vaults:1 | MenacingMecha: no that's meant to happen
 43968 | Vaults:1 | MenacingMecha: happens quite often now - forces you to make a choice
 43968 | Vaults:1 | MenacingMecha: anyways I have to go now but thanks for the spectate
 43978 | Vaults:1 | Reached skill level 14 in Shields
 44267 | Vaults:2 | Received a gift from Okawaru
 44496 | Vaults:2 | Found a flickering gateway to a bazaar.
 44511 | Bazaar   | Entered a bazaar
 44513 | Bazaar   | Found Xyafywne's Assorted Antiques.
 44517 | Bazaar   | Bought a crooked wooden wand for 64 gold pieces
 44517 | Bazaar   | Bought a bubbling cyan potion for 14 gold pieces
 44517 | Bazaar   | Lost mutation: You are very frail. (-20% HP) [potion of cure mutation]
 44517 | Bazaar   | Lost mutation: You have a pair of large horns on your head. [potion of cure mutation]
 44517 | Bazaar   | Lost mutation: You are frail. (-10% HP) [potion of cure mutation]
 44517 | Bazaar   | Lost mutation: You have a pair of horns on your head. [potion of cure mutation]
 44517 | Bazaar   | Lost mutation: You have a pair of small horns on your head. [potion of cure mutation]
 44517 | Bazaar   | Lost mutation: You are covered in thick fur. (AC +2) [potion of cure mutation]
 44565 | Bazaar   | Found Idwynet's Assorted Antiques.
 44565 | Bazaar   | Found Dybbili's Armour Boutique.
 44566 | Bazaar   | Found Lieklisi's Distillery.
 44597 | Bazaar   | Bought a scroll of enchant armour for 120 gold pieces
 44611 | Bazaar   | Bought a potion of heal wounds for 80 gold pieces
 44611 | Bazaar   | Bought a potion of might for 64 gold pieces
 44611 | Bazaar   | Bought a potion of might for 64 gold pieces
 45042 | Vaults:2 | HP: 40/189 [flayed ghost/flay_damage[a death knight] (20)]
 45329 | Vaults:2 | Reached skill level 15 in Shields
 45339 | Vaults:2 | Received a gift from Okawaru
 46621 | Vaults:3 | Reached skill level 10 in Dodging
 47206 | Vaults:3 | Found a staircase to the Crypt.
 47206 | Vaults:3 | Found a basalt altar of Yredelemnul.
 47211 | Vaults:3 | Found an ancient bone altar of Kikubaaqudgha.
 47388 | Vaults:3 | Reached XP level 20. HP: 191/198 MP: 24/24
 47507 | Vaults:3 | Reached skill level 11 in Throwing
 47557 | Vaults:3 | Received a gift from Okawaru
 48629 | Vaults:4 | Reached skill level 13 in Fighting
 48992 | Vaults:4 | Found a flickering gateway to a bazaar.
 49007 | Bazaar   | Entered a bazaar
 49028 | Bazaar   | Found Roonarint's Food Boutique.
 49055 | Bazaar   | Found Visuthraff's Food Boutique.
 49069 | Bazaar   | Found Neokkap's Jewellery Shop.
 49083 | Bazaar   | Found Tirghof's Food Boutique.
 49157 | Bazaar   | Bought the ring "Peguyxed" {rElec rF+ Dex+3} for 407 gold pieces
 49157 | Bazaar   | Bought the ring of Xom's Ringing Laughter {Ice rElec rN++} for 445 gold pieces
 50558 | Shoals:4 | Entered Level 4 of the Shoals
 50570 | Shoals:4 | Reached skill level 18 in Unarmed Combat
 50579 | Shoals:3 | Received a gift from Okawaru
 50768 | Shoals:4 | Received a gift from Okawaru
 50931 | Shoals:4 | Found Nadyse's Magic Scroll Boutique.
 50993 | Shoals:4 | Reached skill level 12 in Throwing
 51130 | Shoals:3 | Received a gift from Okawaru
 51299 | Shoals:4 | Reached skill level 5 in Armour
 51398 | Shoals:4 | Got a barnacled rune of Zot
 51510 | Shoals:4 | Noticed Ilsuiw
 51527 | Shoals:4 | Killed Ilsuiw
 51527 | Shoals:4 | Received a gift from Okawaru
 51557 | Shoals:4 | Reached skill level 6 in Armour
 51584 | Shoals:4 | Noticed Polyphemus
 51648 | Shoals:4 | Killed Polyphemus
 51682 | Shoals:4 | Reached XP level 21. HP: 186/210 MP: 22/25
 51822 | Shoals:4 | Learned a level 1 spell: Summon Butterflies
 51907 | Shoals:4 | Reached skill level 7 in Armour
 52129 | Shoals:4 | Got a bone hunting sling
 52483 | Depths:1 | Entered Level 1 of the Depths
 52483 | Depths:1 | Noticed Sojobo
 52520 | D:15     | Reached skill level 3 in Evocations
 52608 | Depths:1 | Killed Sojobo
 52945 | Depths:1 | Found a gateway to Hell.
 53025 | Depths:1 | Found a gateway to a bazaar.
 53043 | Bazaar   | Entered a bazaar
 53043 | Bazaar   | Found Lyptat's Gadget Emporium.
 53043 | Bazaar   | Found Kapsale's General Store.
 53043 | Bazaar   | Found Bualeulu's General Store.
 53043 | Bazaar   | Found Plog's Gadget Shop.
 53045 | Bazaar   | Found Gudwetta's Magic Scroll Boutique.
 53045 | Bazaar   | Found Rittamea's Book Shoppe.
 53094 | Bazaar   | Bought a book of Cantrips for 220 gold pieces
 53099 | Bazaar   | Bought a scroll of enchant armour for 90 gold pieces
 53099 | Bazaar   | Bought a scroll of enchant armour for 90 gold pieces
 53102 | Bazaar   | Bought a sack of spiders for 140 gold pieces
 53126 | Depths:1 | Learned a level 1 spell: Animate Skeleton
 53128 | Depths:1 | Learned a level 1 spell: Apportation
 53223 | Depths:1 | Found a burning altar of Makhleb.
 53282 | Depths:1 | Received a gift from Okawaru
 53382 | Depths:1 | Reached skill level 19 in Unarmed Combat
 53417 | Depths:1 | Reached skill level 1 in Necromancy
 53440 | Depths:1 | Reached skill level 2 in Necromancy
 53520 | Depths:1 | Found a burning altar of Makhleb.
 53708 | Depths:1 | Reached skill level 3 in Necromancy
 53800 | Depths:1 | Found a one-way gate to the infinite horrors of the Abyss.
 53863 | Depths:1 | Reached skill level 4 in Necromancy
 54204 | Depths:1 | Noticed a golden dragon
 54223 | Depths:1 | Killed a golden dragon
 54223 | Depths:1 | Received a gift from Okawaru
 54223 | Depths:1 | Reached skill level 5 in Necromancy
 54231 | Depths:1 | Reached skill level 1 in Summonings
 54534 | Depths:2 | Reached skill level 2 in Summonings
 54740 | Depths:2 | Reached skill level 6 in Necromancy
 55395 | Depths:2 | Found a runed door.
 55671 | Depths:2 | Noticed a golden dragon
 55680 | Depths:2 | Killed a golden dragon
 55808 | Depths:2 | Reached XP level 22. HP: 200/222 MP: 26/26
 55811 | Depths:2 | Reached skill level 14 in Fighting
 55931 | Depths:2 | Got a faintly humming hat
 55932 | Depths:2 | Identified the +2 hat of Xoserr {MR++ MP+9 Int+4 Stlth-} (You found it on level 2 of the Depths)
 56213 | Depths:2 | Received a gift from Okawaru
 56239 | Depths:2 | Reached skill level 4 in Spellcasting
 56557 | Depths:2 | Received a gift from Okawaru
 56722 | Depths:2 | Reached skill level 5 in Spellcasting
 56772 | Depths:2 | Got a bound iron ring
 56773 | Depths:2 | Identified the ring "Qaiczepe" {Wiz rF+ Str+3} (You took it off a frost giant on level 2 of the Depths)
 56774 | Depths:2 | Upgraded the game from 0.19-a0-519-gb6a5606 to 0.19-a0-536-g4d3b45e
 57270 | Depths:1 | Voluntarily entered the Abyss.
 57270 | Abyss:1  | Found a corrupted altar of Lugonu.
 57338 | Abyss:1  | Found a corrupted altar of Lugonu.
 57636 | Abyss:1  | Reached skill level 1 in Translocations
 57750 | Abyss:1  | Reached skill level 2 in Translocations
 58066 | Abyss:1  | Reached skill level 3 in Translocations
 58197 | Abyss:1  | Reached skill level 4 in Translocations
 58362 | Abyss:2  | Reached skill level 5 in Translocations
 58475 | Abyss:3  | Found a snail-covered altar of Cheibriados.
 58775 | Abyss:3  | Gained mutation: Scrolls take you a little longer to read. [a cacodemon]
 59236 | Abyss:3  | Paralysed by accursed screaming for 2 turns
 59266 | Abyss:3  | Reached skill level 20 in Unarmed Combat
 59396 | Abyss:3  | Gained mutation: Scrolls take you longer to read. [a neqoxec]
 59403 | Abyss:3  | Gained mutation: Your spells are a little easier to cast, but a little less powerful. [a neqoxec]
 59468 | Abyss:3  | Received a gift from Okawaru
 59688 | Abyss:3  | Reached XP level 23. HP: 90/231 MP: 30/30
 59697 | Abyss:3  | HP: 56/231 [smoke demon/divine providence (12)]
 59881 | Abyss:3  | Paralysed by you for 2 turns
 60017 | Abyss:3  | HP: 52/231 [bone dragon (15)]
 60042 | Abyss:3  | HP: 55/231 [starcursed mass/accursed screaming (6)]
 60112 | Abyss:3  | Reached skill level 21 in Unarmed Combat
 60254 | Abyss:3  | Paralysed by you for 5 turns
 60435 | Abyss:3  | Noticed an ancient lich
 60453 | Abyss:3  | Killed an ancient lich
 60453 | Abyss:3  | Reached skill level 11 in Dodging
 60469 | Abyss:3  | HP: 50/231 [starcursed mass/accursed screaming (8)]
 60505 | Abyss:3  | HP: 57/231 [starcursed mass/accursed screaming (7)]
 60550 | Abyss:3  | HP: 54/231 [starcursed mass/accursed screaming (7)]
 60565 | Abyss:3  | Upgraded the game from 0.19-a0-536-g4d3b45e to 0.19-a0-578-g4cfc824
 60752 | Abyss:3  | Noticed an ancient lich
 60776 | Abyss:3  | HP: 45/231 [???[an ancient lich] (34)]
 60779 | Abyss:3  | HP: 21/231 [something (8)]
 60781 | Abyss:3  | Slain by a reaper

Vault maps used:
D:1:      matt_arrival_los_fun
D:2:      uniq_sigmund, uniq_robin
D:3:      first_bread, minmay_misc_feat_rows
D:4:      grunt_temple_overflow_bloody_war, serial_shops, shop, shop,
          nicolae_shop_trees, serial_undead, serial_undead_d, serial_undead_c,
          serial_undead_b, serial_undead_d, serial_bayou_pond_c,
          nicolae_ru_path_of_blood
D:5:      nemelex_xobeh_ov_fountains_minmay, old_standard_altar, serial_shops,
          shop, uniq_pikel
D:6:      kennysheep_little_box, nicolae_overflow_hidden_temple,
          minmay_temple_entry_fiery, uniq_crazy_yiuf_cottage
D:7:      nicolae_overflow_crystal_walls, st_stairs_9, kennysheep_doodads,
          corexii_item_surrounded_by_moat, uniq_menkaure
D:9:      gammafunk_temple_overflow_claw, dpeg_lair_monsters
D:10:     hangedman_ranch
D:11:     uniq_erolcha, uniq_sonja
D:12:     lemuel_flame_loot_2, david_orc_3, kennysheep_decorative_pillar,
          uniq_nergalle, uniq_frances
D:13:     david_vaults_4
D:14:     minmay_swirls_squares, minivault_19, lab_entry_generic
D:15:     grunt_enter_depths_hoard
Lair:1:   portal_ice_cave_entry_pillars_1, grunt_megastairs_1
Lair:2:   serial_bayou_shore_b
Lair:3:   grunt_forest_large_clearings, grunt_megastairs_5
Lair:4:   minmay_shoals_entry_hut, uniq_josephine
Lair:5:   grunt_megastairs_2
Lair:6:   guppyfry_snake_entry_garden, slime_altar_1, pond, grunt_megastairs_3
Lair:7:   minmay_lair_oklob_tunnel, st_stairs_4, nicolae_quartered_pool_little,
          infiniplex_staircase_pool
Lair:8:   evilmike_catoblepas_cave
Shoals:1: nicolae_shoals_loop_pool
Shoals:2: serial_shops, nicolae_shop_competitors_out_of_business,
          nicolae_shoals_flooded_hall
Shoals:4: shoals_end_simple, shoals_ilsuiw_alternative, serial_shops,
          nicolae_shop_crystal, uniq_polyphemus
Snake:1:  serial_bayou_shore_b, grunt_megastairs_4, uniq_louise
Snake:2:  basic_altar, serial_bayou_pond_a, uniq_nikola
Snake:3:  spider_trap, stair_cage_cross
Snake:4:  snake_pit
Orc:1:    minmay_goldmine, basic_altar, nicolae_alphabet_shops,
          lemuel_statue_altar, uniq_maud
Orc:2:    grunt_orc_community_town_hall, grunt_orc_community_big_house_2,
          grunt_orc_community_big_house_2, grunt_orc_community_house_1,
          grunt_orc_community_house_3, grunt_orc_community_house_3,
          grunt_orc_community_house_2, grunt_orc_community_house_3, mines2_david
Elf:1:    eino_elf_arrival_altar, hangedman_elf_represent,
          hangedman_elf_power_crystal, uniq_aizul
Vaults:1: nicolae_vaults_little_squares_2, nicolae_vaults_angled_halls,
          nicolae_vaults_fighting_squares, grunt_vaults_bifocal,
          nicolae_vaults_little_ls, vaults_mumra_lcd, vaults_dpeg_diagonal,
          v_rooms_1, v_misc_27, nicolae_vaults_network_barrier, v_misc_26,
          v_misc_18, vaults_room_boxed, vaults_room_pools, uniq_saint_roka,
          uniq_jorgrun
Vaults:2: nicolae_vaults_three_branches, v_alt_pattern_5, v_pattern_5,
          v_misc_29, nicolae_vaults_stairing_the_circle, vaults_room_pools,
          vaults_standard_mumra_lines, serial_shops, bzr_in_the_mist
Vaults:3: dpeg_vaults_monster_row, v_misc_8, minmay_crypt_entry_necro_gods,
          hangedman_vaults_hat, vaults_mumra_hexcomb, v_alt_pattern_1,
          vaults_room_pools, nicolae_vaults_asterisk, nicolae_vaults_theta,
          vaults_room_hallway, nicolae_vaults_rhombus_5, v_pattern_1,
          vaults_room_pool, nicolae_vaults_diagonal_hallway_7,
          grunt_vaults_swirl
Vaults:4: grunt_vaults_hallway_short, nicolae_vaults_angled_halls, v_rooms_3,
          ontoclasm_vaults_ring_square, hangedman_vaults_corner_blocks,
          hangedman_vaults_stream, ontoclasm_vaults_decontamination,
          ontoclasm_vaults_eye, hangedman_vaults_corner_blocks,
          grunt_vaults_funnel, nicolae_vaults_ninety_degrees,
          ontoclasm_vaults_ligature, serial_shops, bzr_entry_safe
Depths:1: nicolae_water_bricks, serial_shops, statue_bzr,
          abyss_entry_small_statue_room, hell_entry,
          grunt_guarded_unrand_obsidian_axe, kennysheep_random_hallway,
          uniq_sojobo
Depths:2: box_level_dp, hell_entry
Abyss:2:  evilmike_abyss_exit_7, minivault_13
Abyss:3:  hangedman_grunt_abyss_rune_horror_hoard
Lab:      nicolae_lab_dead_adventurers
Bazaar:   bazaar_minmay_cross, bazaar_minmay_snake, bazaar_minmay_generic_island
IceCv:    ice_cave_small_demon

Skill      XL: |  1  2  3  4  5  6  7  8  9 10 11 12 13 14 15 16 17 18 19 20 21 22 23 |
---------------+----------------------------------------------------------------------+-----
Unarmed Combat | 5 6 7 10 11 14 16 17 18 19 20 21 | 21.0
Fighting       | 3 5 6 8 10 12 13 14 | 14.0
Dodging        | 3 5 6 8 9 10 11 | 11.8
Throwing       | 2 4 7 10 12 | 12.0
Invocations    | 1 7 |  7.5
Shields        | 1 8 9 10 13 15 | 15.1
Evocations     | 2 3 |  3.0
Stealth        | 2 |  2.0
Armour         | 1 4 6 7 |  7.0
Charms         | 3 6 |  6.5
Air Magic      | 3 6 7 |  7.5
Spellcasting   | 2 3 5 |  5.6
Poison Magic   | 2 |  2.0
Necromancy     | 6 |  6.0
Summonings     | 2 |  2.0
Translocations | 5 |  5.0

Action                   |  1- 3 |  4- 6 |  7- 9 | 10-12 | 13-15 | 16-18 | 19-21 | 22-24 || total
-------------------------+-------+-------+-------+-------+-------+-------+-------+-------++-------
Melee: Unarmed           |   100 |   169 |   261 |   667 |  1515 |  1220 |  2344 |  1310 ||  7586
       Headbutt          |       |       |       |       |    27 |   377 |    85 |       ||   489
Throw: Stone             |    20 |    90 |   144 |    85 |   457 |   376 |   276 |   118 ||  1566
       Javelin           |       |    14 |    19 |    57 |    47 |   106 |   111 |   108 ||   462
       Tomahawk          |       |     6 |    16 |   101 |   118 |     9 |       |       ||   250
       Large rock        |       |       |       |    20 |    39 |   332 |   220 |   129 ||   740
 Cast: Repel Missiles    |       |       |       |       |       |     7 |     6 |     2 ||    15
       Animate Skeleton  |       |       |       |       |       |       |     6 |     6 ||    12
       Apportation       |       |       |       |       |       |       |       |    26 ||    26
Invok: Heroism           |       |       |     3 |     7 |     7 |     8 |    10 |     6 ||    41
       Finesse           |       |       |       |     1 |       |     2 |     4 |     2 ||     9
Evoke: Sack of spiders   |       |       |       |       |       |       |     1 |       ||     1
       Wand              |       |       |       |       |       |       |     1 |     1 ||     2
       Lamp of fire      |       |       |       |       |       |       |       |     1 ||     1
  Use: Scroll            |       |       |    11 |     7 |    14 |     8 |     9 |     2 ||    51
       Potion            |       |       |     1 |     2 |     2 |     1 |     1 |     6 ||    13
 Stab: Sleeping          |     2 |       |     1 |     2 |     6 |       |       |       ||    11
       Distracted        |       |       |       |       |     2 |       |       |       ||     2
       Petrified         |       |       |       |       |     2 |       |       |       ||     2
  Eat: Chunk             |    18 |    19 |    32 |    63 |   144 |    98 |   116 |    30 ||   520
       Fruit             |       |       |       |       |       |     6 |       |       ||     6
       Bread ration      |       |       |       |       |       |     2 |       |     2 ||     4
       Beef jerky        |       |       |       |       |       |     2 |       |       ||     2
       Meat ration       |       |       |       |       |       |     1 |       |       ||     1
       Pizza             |       |       |       |       |       |     1 |       |       ||     1
       Royal jelly       |       |       |       |       |       |       |     1 |       ||     1
Armor: Robe              |    47 |    48 |    53 |       |       |       |       |       ||   148
       Troll leather arm |       |       |    26 |   176 |   252 |    39 |       |       ||   493
       Pearl dragon armo |       |       |       |       |       |   177 |   424 |   308 ||   909
Dodge: Dodged            |    56 |    42 |    82 |   247 |   663 |   404 |   830 |   576 ||  2900
       Deflected         |       |       |       |       |       |    22 |    16 |    11 ||    49
Block: Shield            |     9 |    39 |    89 |   355 |   935 |   438 |       |       ||  1865
       Reflection        |       |       |     2 |    13 |    62 |   116 |    36 |    12 ||   241
       Large shield      |       |       |       |       |       |   381 |  2037 |  1175 ||  3593

Vault maps used:
D:1:      matt_arrival_los_fun
D:2:      uniq_sigmund, uniq_robin
D:3:      first_bread, minmay_misc_feat_rows
D:4:      grunt_temple_overflow_bloody_war, serial_shops, shop, shop,
          nicolae_shop_trees, serial_undead, serial_undead_d, serial_undead_c,
          serial_undead_b, serial_undead_d, serial_bayou_pond_c,
          nicolae_ru_path_of_blood
D:5:      nemelex_xobeh_ov_fountains_minmay, old_standard_altar, serial_shops,
          shop, uniq_pikel
D:6:      kennysheep_little_box, nicolae_overflow_hidden_temple,
          minmay_temple_entry_fiery, uniq_crazy_yiuf_cottage
D:7:      nicolae_overflow_crystal_walls, st_stairs_9, kennysheep_doodads,
          corexii_item_surrounded_by_moat, uniq_menkaure
D:9:      gammafunk_temple_overflow_claw, dpeg_lair_monsters
D:10:     hangedman_ranch
D:11:     uniq_erolcha, uniq_sonja
D:12:     lemuel_flame_loot_2, david_orc_3, kennysheep_decorative_pillar,
          uniq_nergalle, uniq_frances
D:13:     david_vaults_4
D:14:     minmay_swirls_squares, minivault_19, lab_entry_generic
D:15:     grunt_enter_depths_hoard
Lair:1:   portal_ice_cave_entry_pillars_1, grunt_megastairs_1
Lair:2:   serial_bayou_shore_b
Lair:3:   grunt_forest_large_clearings, grunt_megastairs_5
Lair:4:   minmay_shoals_entry_hut, uniq_josephine
Lair:5:   grunt_megastairs_2
Lair:6:   guppyfry_snake_entry_garden, slime_altar_1, pond, grunt_megastairs_3
Lair:7:   minmay_lair_oklob_tunnel, st_stairs_4, nicolae_quartered_pool_little,
          infiniplex_staircase_pool
Lair:8:   evilmike_catoblepas_cave
Shoals:1: nicolae_shoals_loop_pool
Shoals:2: serial_shops, nicolae_shop_competitors_out_of_business,
          nicolae_shoals_flooded_hall
Shoals:4: shoals_end_simple, shoals_ilsuiw_alternative, serial_shops,
          nicolae_shop_crystal, uniq_polyphemus
Snake:1:  serial_bayou_shore_b, grunt_megastairs_4, uniq_louise
Snake:2:  basic_altar, serial_bayou_pond_a, uniq_nikola
Snake:3:  spider_trap, stair_cage_cross
Snake:4:  snake_pit
Orc:1:    minmay_goldmine, basic_altar, nicolae_alphabet_shops,
          lemuel_statue_altar, uniq_maud
Orc:2:    grunt_orc_community_town_hall, grunt_orc_community_big_house_2,
          grunt_orc_community_big_house_2, grunt_orc_community_house_1,
          grunt_orc_community_house_3, grunt_orc_community_house_3,
          grunt_orc_community_house_2, grunt_orc_community_house_3, mines2_david
Elf:1:    eino_elf_arrival_altar, hangedman_elf_represent,
          hangedman_elf_power_crystal, uniq_aizul
Vaults:1: nicolae_vaults_little_squares_2, nicolae_vaults_angled_halls,
          nicolae_vaults_fighting_squares, grunt_vaults_bifocal,
          nicolae_vaults_little_ls, vaults_mumra_lcd, vaults_dpeg_diagonal,
          v_rooms_1, v_misc_27, nicolae_vaults_network_barrier, v_misc_26,
          v_misc_18, vaults_room_boxed, vaults_room_pools, uniq_saint_roka,
          uniq_jorgrun
Vaults:2: nicolae_vaults_three_branches, v_alt_pattern_5, v_pattern_5,
          v_misc_29, nicolae_vaults_stairing_the_circle, vaults_room_pools,
          vaults_standard_mumra_lines, serial_shops, bzr_in_the_mist
Vaults:3: dpeg_vaults_monster_row, v_misc_8, minmay_crypt_entry_necro_gods,
          hangedman_vaults_hat, vaults_mumra_hexcomb, v_alt_pattern_1,
          vaults_room_pools, nicolae_vaults_asterisk, nicolae_vaults_theta,
          vaults_room_hallway, nicolae_vaults_rhombus_5, v_pattern_1,
          vaults_room_pool, nicolae_vaults_diagonal_hallway_7,
          grunt_vaults_swirl
Vaults:4: grunt_vaults_hallway_short, nicolae_vaults_angled_halls, v_rooms_3,
          ontoclasm_vaults_ring_square, hangedman_vaults_corner_blocks,
          hangedman_vaults_stream, ontoclasm_vaults_decontamination,
          ontoclasm_vaults_eye, hangedman_vaults_corner_blocks,
          grunt_vaults_funnel, nicolae_vaults_ninety_degrees,
          ontoclasm_vaults_ligature, serial_shops, bzr_entry_safe
Depths:1: nicolae_water_bricks, serial_shops, statue_bzr,
          abyss_entry_small_statue_room, hell_entry,
          grunt_guarded_unrand_obsidian_axe, kennysheep_random_hallway,
          uniq_sojobo
Depths:2: box_level_dp, hell_entry
Abyss:2:  evilmike_abyss_exit_7, minivault_13
Abyss:3:  hangedman_grunt_abyss_rune_horror_hoard
Lab:      nicolae_lab_dead_adventurers
Bazaar:   bazaar_minmay_cross, bazaar_minmay_snake, bazaar_minmay_generic_island
IceCv:    ice_cave_small_demon

Table legend:
 A = Turns spent in this place as a percentage of turns spent in the entire game.
 B = Non-inter-level travel turns spent in this place as a percentage of non-inter-level travel turns spent in the entire game.
 C = Inter-level travel turns spent in this place as a percentage of turns spent in this place.
 D = Turns resting spent in this place as a percentage of non-inter-level travel turns spent in this place.
 E = Turns spent auto-exploring this place as a percentage of non-inter-level travel turns spent in this place.
 F = Non-inter-level travel turns spent in this place divided by the number of levels of this place that you've seen.
                   A       B       C       D       E      F
               +-------+-------+-------+-------+-------+----------------------
         Total | 100.0 | 100.0 |   0.4 |   2.3 |   2.8 | 594.5
       Dungeon |  19.5 |  19.5 |   0.6 |   2.0 |   6.7 | 370.9
          Lair |  13.8 |  13.8 |   0.8 |   2.3 |   3.4 | 491.0
        Shoals |  12.2 |  12.2 |   0.4 |   2.2 |   0.1 | 869.8
     Snake Pit |   9.5 |   9.5 |   0.4 |   4.4 |   2.8 | 676.2
  Orcish Mines |   4.3 |   4.3 |   0.9 |   0.8 |   5.8 | 610.5
   Elven Halls |   3.2 |   3.2 |   0.1 |   2.3 |   2.6 | 912.0
        Vaults |  14.6 |  14.6 |   0.4 |   1.7 |   1.8 | 1040.0
        Depths |   9.6 |   9.6 |   0.2 |   1.3 |   1.5 | 1366.5
         Abyss |  10.6 |  10.7 |   0.0 |   2.4 |   0.0 | 1015.0
     Labyrinth |   0.7 |   0.7 |   0.0 |   0.0 |   0.0 | 190.0
        Bazaar |   0.7 |   0.7 |   0.0 |   1.0 |   0.0 |  66.3
      Ice Cave |   1.4 |   1.4 |   0.0 |   9.0 |   0.5 | 400.0
               +-------+-------+-------+-------+-------+----------------------

Table legend:
 A = Kills in this place as a percentage of kills in entire the game.
 B = Kills by you in this place as a percentage of kills by you in the entire game.
 C = Kills by friends in this place as a percentage of kills by friends in the entire game.
 D = Other kills in this place as a percentage of other kills in the entire game.
 E = Experience gained in this place as a percentage of experience gained in the entire game.
 F = Experience gained in this place divided by the number of levels of this place that you have seen.
                   A       B       C       D       E      F
               +-------+-------+-------+-------+-------+----------------------
         Total | 100.0 | 100.0 | 100.0 | 100.0 | 100.0 | 18976.3
       Dungeon |  21.4 |  21.3 |   0.0 |  38.9 |   9.6 | 5854.1
          Lair |  12.5 |  12.6 |   0.0 |   0.0 |   7.8 | 8900.9
        Shoals |   7.1 |   7.1 |   0.0 |  16.7 |   8.7 | 19763.5
     Snake Pit |   8.0 |   8.0 |   0.0 |  11.1 |  12.9 | 29291.2
  Orcish Mines |   6.8 |   6.9 |   0.0 |   0.0 |   1.9 | 8512.0
   Elven Halls |   2.9 |   2.8 |   0.0 |   5.6 |   4.1 | 37735.0
        Vaults |  14.6 |  14.8 |   0.0 |   0.0 |  21.0 | 47788.0
        Depths |   9.5 |   9.2 | 100.0 |  22.2 |  15.5 | 70664.5
         Abyss |  16.0 |  16.2 |   0.0 |   5.6 |  18.0 | 54529.3
     Labyrinth |   0.0 |   0.0 |   0.0 |   0.0 |   0.1 | 1078.0
      Ice Cave |   1.1 |   1.1 |   0.0 |   0.0 |   0.4 | 3719.0
               +-------+-------+-------+-------+-------+----------------------
